 Dungeon Crawl Stone Soup version 0.31-a0-826-ga5cc291a1b (webtiles) character file.

Game seed: 14671379195473230401

100 qw the Shooter (level 4, 0/28 HPs)
             Began as a Gargoyle Hunter on Sept 23, 2023.
             Slain by a goblin
             ... wielding a +0 club
              (2 damage)
             ... on level 3 of the Dungeon.
             The game lasted 00:00:46 (1579 turns).

qw the Shooter (Gargoyle Hunter)                    Turns: 1579, Time: 00:00:46

Health: 0/28       AC: 10    Str: 14    XL:     4   Next: 74%
Magic:  4/4        EV: 12    Int: 10    God:
Gold:   123        SH:  0    Dex: 21    Spells: 3/3 levels left

rFire   . . .        Y - +0 shortbow
rCold   . . .        (shield currently unavailable)
rNeg    + . .        c - +0 leather armour
rPois   inf          (no helmet)
rElec   +            (no cloak)
rCorr   .            (no gloves)
SInv    .            (no boots)
Will    .....        (no amulet)
Stlth   ++           l - +4 ring of protection
HPRegen 0.24/turn    i - +6 ring of dexterity
MPRegen 0.09/turn

%: no passive effects
@: about to teleport
A: sickness immunity, AC +3, negative energy resistance 1, electricity
resistance, torment resistance 1, petrification resistance
a: no special abilities


You were on level 3 of the Dungeon.
You visited 1 branch of the dungeon, and saw 3 of its levels.

You collected 143 gold pieces.
You spent 20 gold pieces at shops.


Innate Abilities, Weirdness & Mutations

You are immune to sickness and miasma.
Your stone body is resilient. (AC +3)
You are immune to poison.
You resist negative energy. (rN+)
You are resistant to electric shocks. (rElec)
You are resistant to unholy torment.
You are immune to petrification.


   Skills:
 - Level 3.0 Fighting
 + Level 5.6 Ranged Weapons
 - Level 1.5 Dodging
 - Level 1.1 Stealth


You had 3 spell levels left.
You didn't know any spells.
Your spell library was empty.

Inventory:

Hand Weapons
 Y - a +0 shortbow (weapon)
Armour
 c - a +0 leather armour (worn)
 d - a +0 ring mail
Jewellery
 a - a ring of fire
 i - a +6 ring of dexterity (right hand)
 l - a +4 ring of protection (left hand)
Scrolls
 f - a scroll of identify
Potions
 b - a potion of experience {unknown}
 g - 2 potions of curing
 h - a potion of cancellation {unknown}
 j - a potion of heal wounds {unknown}

Dungeon Overview and Level Annotations

Branches:
Dungeon (3/15)

Altars:
Vehumet

Shops:
D:2 *

Annotations:
D:3 Ijyb


Message History

You shoot an arrow. The arrow hits Ijyb but does no damage.
You shoot an arrow. The arrow barely misses Ijyb.
You shoot an arrow. The arrow hits Ijyb!
Ijyb is moderately wounded.
Ijyb zaps a wand.
Your mind is blasted!
Ouch! That really hurt!
A goblin comes into view. It is wielding a +0 club.
You shoot an arrow. The arrow hits Ijyb.
Ijyb is moderately wounded.
Ijyb hits you but does no damage.
The goblin unwields a +0 sling.
The goblin wields a +0 dagger.
The goblin hits you but does no damage.
You shoot an arrow. The arrow hits Ijyb but does no damage.
Ijyb is moderately wounded.
Ijyb hits you but does no damage.
You shoot an arrow. The arrow barely misses Ijyb.
The goblin barely misses you. Ijyb barely misses you.
The goblin closely misses you. The goblin barely misses you.
You shoot an arrow. The arrow barely misses Ijyb.
Ijyb hits you but does no damage. The goblin closely misses you.
The goblin hits you but does no damage.
You shoot an arrow. The arrow hits Ijyb.
Ijyb is heavily wounded.
Ijyb zaps a wand.
Your mind is blasted!
The goblin completely misses you. The goblin hits you but does no damage.
You shoot an arrow. The arrow hits Ijyb.
Ijyb is heavily wounded.
Ijyb barely misses you. The goblin hits you but does no damage.
The goblin misses you.
You shoot an arrow. The arrow hits Ijyb but does no damage.
Ijyb is heavily wounded.
Ijyb zaps a wand.
Your mind is blasted!
The goblin hits you but does no damage.
A goblin comes into view. It is wielding a +0 club.
The goblin hits you but does no damage.
Ijyb zaps a wand.
You barely resist. The goblin hits you but does no damage.
1579 ||| READING scroll of teleportation.
As you read the scroll of teleportation, it crumbles to dust.
You feel strangely unstable. The goblin barely misses you.
Ijyb hits you but does no damage. The goblin hits you with a +0 club.
You die...

.####...###### #.# #.## .#
#..)########.## #.#. .#
#.............# g #.#. .#
#...########### g. #.#. .# #...#
#....#8..... #.#. .# ###.#
#.##.#...... #.#. .# #.#
#.##.#8..... #. .# #.#
#.##g#....... #. .#
#.######^#@gg....... ## .#
#.........g...####># .#
###...........# .# .#
###'###.......####.#
.######.....##...........########
.....#.......#...................
.....#.......########..........##
.....+..._...'......+..........'.
.....#.......########..........##


You could see Ijyb and 3 goblins.

Vanquished Creatures
  An orc wizard (D:3)
  2 adders (D:2)
  3 worms (D:2)
  4 orcs (D:3)
  5 endoplasms
  9 goblins
  2 hobgoblins (D:3)
  A quokka (D:2)
  6 ball pythons
  4 bats
  2 frilled lizards
  6 rats
45 creatures vanquished.

Notes
Turn   | Place    | Note
-------+----------+-------------------------------------------
     0 | D:1      | qw the Gargoyle Hunter began the quest for the Orb.
     0 | D:1      | Reached XP level 1. HP: 12/12 MP: 1/1
     0 | D:1      | 0 ||| qw: Version: 0.3-a-83-gcd0e7d8
     0 | D:1      | 0 ||| qw: Game counter: 1907
     0 | D:1      | 0 ||| qw: Melee chars always use a shield: true
     0 | D:1      | 0 ||| qw: God list: Okawaru
     0 | D:1      | 0 ||| qw: Allow faded altars: false
     0 | D:1      | 0 ||| qw: Do Orc after clearing Dungeon:15 true
     0 | D:1      | 0 ||| qw: Do second Lair branch before Depths: true
     0 | D:1      | 0 ||| qw: Lair rune preference: random
     0 | D:1      | 0 ||| qw: Goals: Normal
     0 | D:1      | 0 ||| PLANNING D:1-11
   186 | D:1      | Reached XP level 2. HP: 17/17 MP: 2/2
   366 | D:1      | 366 ||| UPGRADING to +6 ring of strength.
   367 | D:1      | 367 ||| UPGRADING to +6 ring of dexterity.
   368 | D:1      | 368 ||| READING scroll labelled SIS OGOAJE.
   369 | D:1      | 369 ||| READING scroll labelled MUUKKEUNYE.
   370 | D:1      | 370 ||| READING scroll labelled KETIPPERGHUIHU.
   371 | D:1      | 371 ||| READING scroll labelled PUT QESIDEA.
   374 | D:1      | 374 ||| DROPPING scroll of butterflies.
   440 | D:2      | Found Uxkug's Assorted Antiques.
   448 | D:2      | 448 ||| BUYING bubbling silvery potion (20 gold).
   448 | D:2      | Bought a bubbling silvery potion for 20 gold pieces
   448 | D:2      | 448 ||| SHOPLISTING scroll labelled ADDAPAOSUI (23 gold,
                  | have 8).
   448 | D:2      | 448 ||| SHOPLISTING sedimented blue potion (20 gold, have
                  | 8).
   448 | D:2      | 448 ||| SHOPLISTING silver wand (92 gold, have 8).
   643 | D:2      | Reached XP level 3. HP: 8/21 MP: 3/3
   728 | D:2      | Reached skill level 5 in Ranged Weapons
  1077 | D:2      | 1077 ||| READING scroll labelled LAKAQ HUAP ACW.
  1077 | D:2      | Identified a scroll of acquirement
  1077 | D:2      | 1077 ||| ACQUIRING ring "Kisaops" {Fire rElec Str+5 Slay-2}
  1077 | D:2      | Acquired the ring "Kisaops" {Fire rElec Str+5 Slay-2}
  1079 | D:2      | 1079 ||| READING 2 scrolls of identify.
  1079 | D:2      | 1079 ||| IDENTIFYING bubbling orange potion
  1080 | D:2      | 1080 ||| DROPPING potion of lignification.
  1146 | D:3      | Found a radiant altar of Vehumet.
  1154 | D:3      | Reached skill level 3 in Fighting
  1212 | D:3      | Reached XP level 4. HP: 26/28 MP: 4/4
  1380 | D:3      | 1380 ||| FLEEEEING.
  1381 | D:3      | 1381 ||| FLEEEEING.
  1382 | D:3      | 1382 ||| FLEEEEING.
  1383 | D:3      | 1383 ||| FLEEEEING.
  1384 | D:3      | 1384 ||| FLEEEEING.
  1385 | D:3      | 1385 ||| FLEEEEING.
  1386 | D:3      | 1386 ||| FLEEEEING.
  1387 | D:3      | 1387 ||| FLEEEEING.
  1388 | D:3      | 1388 ||| FLEEEEING.
  1389 | D:3      | 1389 ||| FLEEEEING.
  1390 | D:3      | 1390 ||| FLEEEEING.
  1391 | D:3      | 1391 ||| FLEEEEING.
  1392 | D:3      | 1392 ||| FLEEEEING.
  1393 | D:3      | 1393 ||| FLEEEEING.
  1394 | D:3      | 1394 ||| FLEEEEING.
  1395 | D:3      | 1395 ||| FLEEEEING.
  1396 | D:3      | 1396 ||| FLEEEEING.
  1397 | D:3      | 1397 ||| FLEEEEING.
  1398 | D:3      | 1398 ||| FLEEEEING.
  1399 | D:3      | 1399 ||| FLEEEEING.
  1400 | D:3      | 1400 ||| STAIRDANCE
  1415 | D:2      | 1415 ||| DROPPING ring "Kisaops" {Fire rElec Str+5 Slay-2}.
  1416 | D:2      | 1416 ||| UPGRADING to +4 ring of protection.
  1418 | D:2      | 1418 ||| DROPPING ring of magical power.
  1419 | D:2      | 1419 ||| DROPPING +6 ring of strength.
  1420 | D:2      | 1420 ||| READING scroll labelled YLOQIWIVASK.
  1421 | D:2      | 1421 ||| DRINKING 3 glowing orange potions.
  1561 | D:3      | Noticed Ijyb
  1562 | D:3      | 1562 ||| FLEEEEING.
  1578 | D:3      | HP: 2/28 [disintegration (7)]
  1579 | D:3      | 1579 ||| READING scroll of teleportation.
  1579 | D:3      | Slain by a goblin

Levels and vault maps discovered:
D:1:      dpeg_arrival_prison, layout_rooms, serial_bayou_pond_c
D:2:      layout_loops_cross, serial_shops, shop, minmay_pentomino_r4
D:3:      kennysheep_the_goblin_king, layout_basic, nicolae_vehumet_altar_sigil,
          dk_noncrumbling_4

Skill      XL: |  1  2  3 |
---------------+----------+-----
Ranged Weapons | 5 |  5.6
Fighting       | 3 |  3.0
Dodging        | |  1.5
Stealth        | |  1.1

Action                     |  1- 3 |  4- 6 || total
---------------------------+-------+-------++-------
   Fire: Shortbow          |    87 |    55 ||   142
    Use: Scroll            |     6 |     2 ||     8
         Potion            |       |     1 ||     1
 Armour: Leather armour    |    12 |    22 ||    34
  Dodge: Dodged            |     9 |    11 ||    20

Table legend:
 A = Non-vault XP
 B = Vault XP
 C = Vault XP percentage of total XP
 D = Non-vault monster count
 E = Vault monster count
 F = Vault count percentage of total count
                 A         B        C        D         E       F
            +---------+---------+-------+---------+---------+-------
      Total |     136 |       8 |   5.6 |      40 |       5 |  11.1
            +---------+---------+-------+---------+---------+-------
        D:1 |      12 |       2 |  14.3 |       8 |       2 |  20.0
        D:2 |      56 |       0 |   0.0 |      14 |       0 |   0.0
        D:3 |      68 |       6 |   8.1 |      18 |       3 |  14.3
            +---------+---------+-------+---------+---------+-------
